 Dungeon Crawl Stone Soup version 0.18.1-48-g4cf74bf (webtiles) character file.

105501 Svampson the Tortoise (level 15, 0/219 HPs)
             Began as a Minotaur Berserker on June 24, 2016.
             Was the Champion of Trog.
             Slain by a seven-headed hydra (6 damage)
             ... on level 4 of the Swamp.
             The game lasted 02:58:14 (29015 turns).

Svampson the Tortoise (Minotaur Berserker)         Turns: 29015, Time: 02:58:15

Health: 0/219      AC: 20    Str: 35    XL:     15   Next: 94%
Magic:  14/14      EV: 15    Int:  4    God:    Trog [******]
Gold:   482        SH:  3    Dex: 11    Spells: 0 memorised, 14 levels left

rFire  . . .     SeeInvis .     O - +5 flail (crush)
rCold  . . .     Gourm    .     n - +2 chain mail {rN+}
rNeg   + . .     Faith    .     R - +0 buckler {rPois}
rPois  +         Spirit   .     (helmet restricted)
rElec  .         Dismiss  .     g - +0 cloak
rCorr  +         Reflect  .     l - +2 pair of gloves "Fikhonor" {rCorr Stlth+}
SustAt .         Harm     .     b - +1 pair of boots
MR     ++...                    a - amulet of regeneration
Stlth  ..........               y - +3 ring of strength
                                w - ring of protection from magic

@: berserking (expiring), very quick, very resistant to hostile enchantments,
extremely unstealthy
A: retaliatory headbutt, horns 2, blurry vision 1, deformed body
a: Berserk, Trog's Hand, Brothers in Arms, Burn Spellbooks, Renounce Religion


You were on level 4 of the Swamp.
You worshipped Trog.
Trog was exalted by your worship.
You were very full.

You visited 5 branches of the dungeon, and saw 23 of its levels.
You visited 1 bazaar.
You also visited: Ossuary and Volcano.

You collected 2832 gold pieces.
You spent 2350 gold pieces at shops.

Inventory:

Hand Weapons
 u - a +3 antimagic great mace
 O - a +5 flail of crushing (weapon)
Missiles
 j - 4 tomahawks of returning (quivered)
Armour
 b - a +1 pair of boots (worn)
 g - a +0 cloak (worn)
 l - the +2 pair of gloves "Fikhonor" (worn) {rCorr Stlth+}
   (You bought it in a shop on level 11 of the Dungeon)

   It protects you from acid and corrosion.
   It makes you more stealthy.
 n - a +2 chain mail of positive energy (worn)
 B - a +0 fire dragon armour
 R - a +0 buckler of poison resistance (worn)
Jewellery
 a - an amulet of regeneration (around neck)
 w - a ring of protection from magic (left hand)
 y - a +3 ring of strength (right hand)
 D - an uncursed ring of flight
Wands
 k - a wand of acid (6/15)
 p - a wand of lightning (3/15)
 q - a wand of teleportation (7/9)
 L - a wand of iceblast (3/15)
 M - a wand of paralysis (12/24)
 N - a wand of iceblast (7/15)
 P - a wand of teleportation (6/9)
 Z - a wand of acid (8/15)
Scrolls
 e - 4 scrolls of fog
 h - 7 scrolls of teleportation
 i - 13 scrolls of remove curse
 m - 2 scrolls of brand weapon
 t - 2 scrolls of silence
 v - 6 scrolls of identify
 A - 3 scrolls of recharging
 C - 3 scrolls of enchant armour
 F - 5 scrolls of enchant weapon
Potions
 f - 2 potions of haste
 o - 3 potions of might
 s - 6 potions of cure mutation
 x - 5 potions of berserk rage
 z - 6 potions of curing
 G - 2 potions of resistance
 K - 4 potions of agility
 U - 2 potions of flight
 Y - a potion of cancellation
Books
 E - a book of the Dragon

   Spells                             Type                      Level
   a - Flame Tongue                   Conjuration/Fire             1
   b - Cause Fear                     Hexes                        4
   c - Bolt of Fire                   Conjuration/Fire             6
   d - Dragon Form                    Transmutation                7
   e - Dragon's Call                  Summoning                    9
   Trog disapproves of the use of such an item.
 H - a book of Annihilations

   Spells                             Type                      Level
   a - Poison Arrow                   Conjuration/Poison           6
   b - Chain Lightning                Conjuration/Air              8
   c - Lehudib's Crystal Spear        Conjuration/Earth            8
   d - Glaciate                       Conjuration/Ice              9
   e - Fire Storm                     Conjuration/Fire             9
   Trog disapproves of the use of such an item.
 I - a book of Party Tricks

   Spells                             Type                      Level
   a - Summon Butterflies             Summoning                    1
   b - Apportation                    Translocation                1
   c - Tukima's Dance                 Hexes                        3
   d - Alistair's Intoxication        Transmutation/Poison         5
   e - Invisibility                   Hexes                        6
   Trog disapproves of the use of such an item.
Miscellaneous
 S - a stone of tremors
Comestibles
 c - 9 bread rations
 d - 13 meat rations
 r - 4 beef jerkies
 Q - 6 slices of pizza
 T - 4 fruits
 X - 4 royal jellies


   Skills:
 + Level 16.8 Fighting
 + Level 16.8 Maces & Flails
 + Level 16.9 Armour
 + Level 15.2 Dodging


You had 14 spell levels left.
You didn't know any spells.

Dungeon Overview and Level Annotations

Branches:
Dungeon (11/15)            Temple (0/1) D:6            Lair (4/8) D:11
  Swamp (4/4) Lair:4        Snake (2/4) Lair:4          Orc (2/2) D:11
    Elf (0/3) Orc:2

Altars:
Okawaru
Vehumet
Yredelemnul
Zin

Shops:
D:11 [   Orc:2 *}[%*:

Portals:
Pandemonium: Orc:2

Annotations:
Lair:4 exclusion: ice statue


Innate Abilities, Weirdness & Mutations

You reflexively headbutt those who attack you in melee.
You have a pair of horns on your head.
Scrolls take you a little longer to read.
Armour fits poorly on your strangely shaped body.


Message History

The eight-headed hydra bites you but does no damage. x2
The eight-headed hydra barely misses you.
The swamp dragon bites you but does no damage.
The swamp dragon completely misses you.
The swamp dragon tramples you but does no damage.
The swamp dragon barely misses you.
The swamp dragon claws you but does no damage.
The swamp dragon closely misses you.
You are too berserk!
You enter the shallow water.
Moving in this stuff is going to be slow.
You feel a strong urge to attack something.
The briar patch crumbles away.
The seven-headed hydra bites you!
* * * LOW HITPOINT WARNING * * *
The seven-headed hydra bites you.
* * * LOW HITPOINT WARNING * * *
The seven-headed hydra misses you.
The seven-headed hydra bites you but does no damage.
The seven-headed hydra misses you. The seven-headed hydra bites you.
You die...

♣♣.≈≈....≈≈≈≈≈≈
♣.≈...≈......≈♣ ♣♣
♣....§♣♣≈..≈≈♣♣ ♣♣P♣♣♣♣
♣♣..♣♣♣≈..≈≈.♣♣ .♣♣
♣..P♣P♣♣♣♣..≈♣..≈≈≈.≈♣♣
..≈♣♣♣...≈§♣♣≈..♣≈.≈≈≈≈.≈≈.
.≈......≈..♣♣≈≈≈≈.≈≈≈≈≈...≈
≈..≈.≈..DD≈♣♣♣......≈≈.♣≈.≈
...≈..≈D.D@≈♣♣♣........≈≈.≈
≈♣.....†≈fD.≈≈≈...≈≈...♣..≈
...≈.....≈D.≈#≈≈§≈≈...≈.♣♣≈
.....≈...≈≈.##♣≈♣#.≈§≈.≈ ♣♣
..≈...≈..≈♣#♣ ♣♣♣ #♣≈§.≈ ♣
...≈...≈≈#♣ ♣≈. ♣
....≈≈≈.## #. ≈ .≈..≈≈≈♣#
..≈..≈.


You could see a thorn hunter, an eight-headed hydra, a seven-headed hydra, a
six-headed hydra and 3 swamp dragons.

Vanquished Creatures
  Nikola (Swamp:3)
  A thorn hunter (Swamp:1)
  Azrael (Snake:2)
  An ice dragon (Lair:4)
  8 hydras
  2 naga warriors
  2 ghost crabs
  7 anacondas
  A centaur warrior (Volcano)
  4 alligators
  6 death yaks (Lair:3)
  6 orc high priests (Orc:2)
  A shock serpent (Snake:2)
  A soul eater (Orc:2)
  Nergalle (Lair:1)
  7 naga sharpshooters
  A salamander mystic (Snake:2)
  A gelid demonspawn (Orc:2)
  A spriggan druid (Swamp:2)
  2 infernal demonspawn (Orc:2)
  3 swamp dragons
  6 orc knights
  2 hill giants (D:11)
  2 shambling mangroves (Swamp:3)
  A torturous demonspawn (Orc:2)
  3 naga ritualists
  6 mana vipers
  7 ugly things
  5 orc sorcerers
  4 salamanders
  A sixfirhy (Orc:2)
  16 black mambas
  4 elephants (Lair:4)
  The ghost of Matyi1199 the Ducker, a novice DrFi of Makhleb (D:5)
  7 naga magi
  A guardian serpent (Snake:2)
  2 molten gargoyles (Volcano)
  A gargoyle (D:11)
  A yaktaur (Volcano)
  8 spiny frogs
  An ice devil (Orc:2)
  A rime drake (Lair:2)
  8 komodo dragons
  2 polar bears
  6 trolls
  9 giant leeches
  A polar bear (shapeshifter) (D:10)
  4 slime creatures (Swamp:3)
  10 blink frogs
  4 spriggans
  2 shadows
  17 yaks
  4 fire elementals (Snake:2)
  4 fire bats
  3 wraiths (D:7)
  A neqoxec (Orc:2)
  3 hippogriffs
  A chaos spawn (Orc:2)
  A warg (Orc:1)
  Menkaure (D:7)
  12 swamp worms
  17 nagas
  The ghost of loom the Conjurer, an amateur DECj (D:3)
  7 water moccasins
  2 hell hounds (Snake:2)
  4 porcupines
  7 swamp drakes
  4 sky beasts
  6 wasps
  30 orc warriors
  9 ice beasts
  A black bear (Lair:2)
  6 ogres
  3 phantoms
  12 wolves
  11 centaurs
  9 crocodiles
  3 big kobolds
  A gnoll sergeant (D:11)
  A wyvern zombie (D:8)
  9 giant frogs
  An elf skeleton (D:7)
  3 scorpions
  4 jellies
  14 killer bees
  3 wights (D:7)
  7 howler monkeys
  2 electric eels (D:11)
  8 crimson imps
  3 bog bodies
  6 centaur zombies
  4 giant frog zombies
  2 wasp zombies
  3 lava snakes (Volcano)
  A quasit (D:8)
  2 human zombies (D:7)
  3 giant frog skeletons
  26 orc priests
  7 hounds
  23 orc wizards
  A gnoll shaman (D:4)
  Jessica (D:2)
  Natasha (D:3)
  8 iguanas
  5 worker ants
  2 killer bee zombies
  18 sheep
  4 hound zombies
  13 mummies
  3 hound skeletons
  2 worker ant zombies
  8 gnolls
  14 adders
  95 river rats
  4 oozes
  An adder zombie (Ossuary)
  6 worms
  4 dart slugs
  12 giant geckos
  92 orcs
  7 giant cockroaches
  7 goblins
  7 hobgoblins
  13 jackals
  25 kobolds
  4 quokkas
  A ball python (D:2)
  A ball python skeleton (D:4)
  4 bats
  2 giant gecko skeletons
  A giant gecko zombie (Ossuary)
  8 giant newts
  A jackal zombie (Ossuary)
  A kobold zombie (D:8)
  An orc zombie (D:7)
  3 rats
  2 briar patches (Swamp:1)
  A withered plant (Ossuary)
879 creatures vanquished.

Vanquished Creatures (collateral kills)
  A thorn hunter (Swamp:1)
  Aizul (Snake:2)
  A naga warrior (Snake:2)
  An orc high priest (Orc:2)
  2 guardian serpents (Snake:1)
  A salamander (Snake:2)
  A naga (Snake:2)
  A swamp worm (Swamp:2)
  An orc warrior (Orc:2)
  7 river rats (Lair:4)
  A butterfly (Lair:4)
18 creatures vanquished.

Vanquished Creatures (others)
  A spriggan (Swamp:2)
  3 briar patches (Swamp:1)
  2 fungi
  7 toadstools (Swamp:1)
13 creatures vanquished.

Grand Total: 910 creatures vanquished

Notes
Turn   | Place    | Note
--------------------------------------------------------------
     0 | D:1      | Svampson the Minotaur Berserker began the quest for the Orb.
     0 | D:1      | Reached XP level 1. HP: 19/19 MP: 0/0
   140 | D:1      | Reached XP level 2. HP: 12/27 MP: 1/1
   993 | D:1      | Reached XP level 3. HP: 32/33 MP: 2/2
  1262 | D:2      | Noticed Jessica
  1269 | D:2      | Reached ** piety under Trog
  1275 | D:2      | Killed Jessica
  1307 | D:2      | Reached XP level 4. HP: 37/41 MP: 3/3
  2049 | D:3      | Found a faded altar to an unknown god.
  2057 | D:3      | Reached XP level 5. HP: 47/47 MP: 4/4
  2296 | D:3      | Reached skill level 5 in Maces & Flails
  2327 | D:3      | Noticed loom's ghost (amateur DECj)
  2345 | D:2      | Reached skill level 5 in Fighting
  2515 | D:3      | Killed loom's ghost
  2515 | D:3      | Reached XP level 6. HP: 56/56 MP: 5/5
  2728 | D:3      | Reached *** piety under Trog
  3019 | D:4      | Noticed a sky beast
  3037 | D:4      | Killed a sky beast
  3056 | D:4      | Noticed Natasha
  3099 | D:3      | Killed Natasha
  3099 | D:3      | Reached XP level 7. HP: 46/62 MP: 6/6
  3228 | D:4      | Found a radiant altar of Vehumet.
  3494 | D:4      | Reached skill level 5 in Armour
  4221 | D:5      | Entered Level 5 of the Dungeon
  4244 | D:5      | HP: 3/64 [gnoll/spear (7)]
  4599 | D:5      | Noticed Matyi1199's ghost (novice DrFi)
  4608 | D:5      | Killed Matyi1199's ghost
  4608 | D:5      | Reached skill level 5 in Dodging
  4608 | D:5      | Reached XP level 8. HP: 73/73 MP: 7/7
  4688 | D:5      | Reached **** piety under Trog
  4841 | D:5      | Found a glowing silver altar of Zin.
  5565 | D:6      | Found a staircase to the Ecumenical Temple.
  5850 | D:6      | Reached XP level 9. HP: 48/81 MP: 8/8
  6579 | D:7      | Noticed Menkaure
  6585 | D:7      | Killed Menkaure
  6874 | D:7      | HP: 3/82 [killer bee (7)]
  7483 | D:7      | Reached ***** piety under Trog
  8013 | D:7      | Found a basalt altar of Yredelemnul.
  8460 | D:8      | Found a sand-covered staircase.
  8497 | D:8      | Reached XP level 10. HP: 89/91 MP: 9/9
  8534 | Ossuary  | Entered an ossuary
  9740 | D:9      | Reached skill level 10 in Maces & Flails
  9826 | D:9      | Reached skill level 10 in Fighting
  9832 | D:9      | Received a gift from Trog
 10049 | D:9      | Found an iron altar of Okawaru.
 10185 | D:9      | Received a gift from Trog
 10247 | D:9      | Reached skill level 10 in Armour
 10534 | D:10     | Entered Level 10 of the Dungeon
 11286 | D:10     | Reached XP level 11. HP: 56/101 MP: 10/10
 11580 | D:11     | Noticed a red ugly thing
 11592 | D:10     | Killed a red ugly thing
 11884 | D:11     | Found Socwagh's Armour Boutique.
 11884 | D:11     | Found a staircase to the Orcish Mines.
 11908 | D:11     | Bought the +2 pair of gloves "Fikhonor" {rCorr Stlth+} for 478 gold pieces
 12183 | D:11     | Noticed a purple ugly thing
 12476 | D:11     | Received a gift from Trog
 12614 | D:11     | Found a staircase to the Lair.
 12655 | D:11     | Noticed a hill giant
 12671 | D:11     | Killed a hill giant
 12986 | D:11     | Reached skill level 10 in Dodging
 13094 | Lair:1   | Entered Level 1 of the Lair of Beasts
 13229 | Lair:1   | Noticed Nergalle
 13241 | Lair:1   | Killed Nergalle
 14564 | Lair:2   | Reached ****** piety under Trog
 14585 | Lair:2   | Reached XP level 12. HP: 107/112 MP: 11/11
 16260 | Lair:3   | Noticed a death yak
 16261 | Lair:3   | Noticed a death yak
 16262 | Lair:3   | Noticed a death yak
 16262 | Lair:3   | Noticed a death yak
 16316 | Lair:3   | Killed a death yak
 16327 | Lair:3   | Killed a death yak
 16422 | Lair:3   | Noticed a death yak
 16428 | Lair:3   | Noticed a death yak
 16436 | Lair:3   | Killed a death yak
 16446 | Lair:3   | Killed a death yak
 16455 | Lair:3   | Killed a death yak
 16476 | Lair:3   | Killed a death yak
 16476 | Lair:3   | Received a gift from Trog
 17009 | Lair:4   | Found a dark tunnel.
 17018 | Volcano  | Entered a volcano
 17329 | Volcano  | Found a bloodstained altar of Trog.
 17329 | Volcano  | Noticed a centaur warrior
 17337 | Volcano  | Killed a centaur warrior
 17337 | Volcano  | Reached XP level 13. HP: 122/122 MP: 12/12
 17653 | Lair:4   | Found a staircase to the Snake Pit.
 18218 | Lair:4   | Found a staircase to the Swamp.
 18903 | Snake:1  | Entered Level 1 of the Snake Pit
 19499 | Swamp:1  | Entered Level 1 of the Swamp
 19672 | Swamp:1  | Noticed a thorn hunter
 19694 | Swamp:1  | Killed a thorn hunter
 19831 | Swamp:1  | Noticed a thorn hunter
 19860 | Swamp:1  | Killed a thorn hunter
 20649 | Swamp:1  | Reached XP level 14. HP: 83/133 MP: 13/13
 21582 | Swamp:2  | Reached skill level 15 in Maces & Flails
 21588 | Swamp:2  | Received a gift from Trog
 22051 | D:11     | Bought a +0 buckler of poison resistance for 136 gold pieces
 22374 | Snake:1  | Reached skill level 15 in Fighting
 22437 | Snake:1  | Reached skill level 15 in Armour
 22964 | Snake:2  | HP: 6/135 [anaconda (11)]
 23241 | Snake:2  | Noticed Aizul
 23258 | Snake:2  | Killed Aizul
 24002 | Snake:2  | Received a gift from Trog
 24182 | Snake:2  | Noticed Azrael
 24202 | Snake:2  | Killed Azrael
 24202 | Snake:2  | Reached XP level 15. HP: 143/143 MP: 14/14
 24828 | Orc:1    | Entered Level 1 of the Orcish Mines
 25479 | Orc:2    | Entered Level 2 of the Orcish Mines
 25521 | Orc:2    | Found Vadurhir's Book Emporium.
 25546 | Orc:2    | Found a staircase to the Elven Halls.
 25594 | Orc:2    | Found a flickering gateway to a bazaar.
 25604 | Bazaar   | Entered a bazaar
 25604 | Bazaar   | Found Nexkenai's Food Shoppe.
 25604 | Bazaar   | Found Xulokek's Food Boutique.
 25604 | Bazaar   | Found Zoopimub's Jewellery Shoppe.
 25604 | Bazaar   | Found Kaytt's Food Shop.
 25606 | Bazaar   | Found Ushaoneth's Armour Shop.
 25658 | Bazaar   | Bought a bread ration for 35 gold pieces
 25658 | Bazaar   | Bought a meat ration for 35 gold pieces
 25658 | Bazaar   | Bought a bread ration for 35 gold pieces
 25658 | Bazaar   | Bought a slice of pizza for 10 gold pieces
 25658 | Bazaar   | Bought a bread ration for 35 gold pieces
 25658 | Bazaar   | Bought a meat ration for 35 gold pieces
 25658 | Bazaar   | Bought a beef jerky for 10 gold pieces
 25658 | Bazaar   | Bought a meat ration for 35 gold pieces
 25658 | Bazaar   | Bought a beef jerky for 10 gold pieces
 25658 | Bazaar   | Bought a beef jerky for 10 gold pieces
 25658 | Bazaar   | Bought a slice of pizza for 10 gold pieces
 25663 | Bazaar   | Bought a slice of pizza for 12 gold pieces
 25663 | Bazaar   | Bought a meat ration for 40 gold pieces
 25663 | Bazaar   | Bought a royal jelly for 16 gold pieces
 25663 | Bazaar   | Bought a meat ration for 40 gold pieces
 25663 | Bazaar   | Bought 3 fruits for 36 gold pieces
 25663 | Bazaar   | Bought a bread ration for 40 gold pieces
 25663 | Bazaar   | Bought a meat ration for 40 gold pieces
 25663 | Bazaar   | Bought a bread ration for 40 gold pieces
 25663 | Bazaar   | Bought a meat ration for 40 gold pieces
 25663 | Bazaar   | Bought a meat ration for 40 gold pieces
 25663 | Bazaar   | Bought a royal jelly for 16 gold pieces
 25666 | Bazaar   | Bought a royal jelly for 18 gold pieces
 25666 | Bazaar   | Bought a beef jerky for 13 gold pieces
 25666 | Bazaar   | Bought a meat ration for 45 gold pieces
 25666 | Bazaar   | Bought a meat ration for 45 gold pieces
 25666 | Bazaar   | Bought a bread ration for 45 gold pieces
 25666 | Bazaar   | Bought a bread ration for 45 gold pieces
 25666 | Bazaar   | Bought a meat ration for 45 gold pieces
 25666 | Bazaar   | Bought a meat ration for 45 gold pieces
 25666 | Bazaar   | Bought a bread ration for 45 gold pieces
 25666 | Bazaar   | Bought a meat ration for 45 gold pieces
 25666 | Bazaar   | Bought a slice of pizza for 13 gold pieces
 25666 | Bazaar   | Bought a bread ration for 45 gold pieces
 25755 | Orc:2    | Received a gift from Trog
 25779 | Orc:2    | Found Guomyukluo's Assorted Antiques.
 25797 | Orc:2    | Bought a shiny plate armour for 667 gold pieces
 26028 | Orc:2    | Found Ogiuc's General Store.
 26030 | Orc:2    | Found Unocuo Pepn's Food Emporium.
 26115 | Orc:2    | Gained mutation: Scrolls take you a little longer to read. [a neqoxec]
 26366 | Orc:2    | Gained mutation: Armour fits poorly on your strangely shaped body. [a neqoxec]
 26534 | Orc:2    | Received a gift from Trog
 27057 | Orc:2    | Found Huink's Antique Armour Shop.
 27057 | Orc:2    | Found a one-way gate leading to the halls of Pandemonium.
 27057 | Orc:2    | Found Jecu's Gadget Boutique.
 28077 | Swamp:3  | Reached skill level 15 in Dodging
 28449 | Swamp:3  | Noticed Nikola
 28472 | Swamp:3  | Killed Nikola
 28832 | Swamp:4  | Entered Level 4 of the Swamp
 28858 | Swamp:4  | Received a gift from Trog
 28994 | Swamp:4  | Noticed a thorn hunter
 29015 | Swamp:4  | HP: 10/219 [seven-headed hydra (10)]
 29015 | Swamp:4  | Slain by a seven-headed hydra

Skill      XL: |  1  2  3  4  5  6  7  8  9 10 11 12 13 14 15 |
---------------+----------------------------------------------+-----
Fighting       | 4 5 7 8 9 10 12 13 14 15 16 | 16.8
Maces & Flails | 4 5 6 7 9 10 12 13 14 15 16 | 16.8
Armour         | 3 4 6 7 9 10 11 13 14 15 16 | 16.9
Dodging        | 3 4 5 6 7 9 10 11 13 14 15 | 15.2

Action                   |  1- 3 |  4- 6 |  7- 9 | 10-12 | 13-15 || total
-------------------------+-------+-------+-------+-------+-------++-------
Melee: Mace              |    60 |    78 |       |       |       ||   138
       Headbutt          |     5 |    28 |   123 |   408 |   382 ||   946
       Whip              |       |    48 |   535 |  1406 |   358 ||  2347
       Flail             |       |       |       |       |  1109 ||  1109
Throw: Tomahawk          |       |       |       |     2 |     1 ||     3
Invok: Berserk           |       |     1 |     7 |    14 |    35 ||    57
       Trog's Hand       |       |       |     1 |       |     2 ||     3
       Brothers in Arms  |       |       |       |       |     7 ||     7
       Burn Spellbooks   |       |       |       |       |     1 ||     1
 Abil: Evoke Flight      |       |       |       |     2 |       ||     2
  Use: Scroll            |       |     5 |    10 |    14 |    18 ||    47
       Potion            |       |       |     3 |     2 |    18 ||    23
 Stab: Invisible         |       |       |       |       |     1 ||     1
  Eat: Chunk             |     1 |     5 |     8 |    12 |    12 ||    38
       Meat ration       |       |       |     3 |     3 |     5 ||    11
       Bread ration      |       |       |     1 |     2 |     8 ||    11
       Pizza             |       |       |     1 |     1 |       ||     2
       Royal jelly       |       |       |       |     1 |       ||     1
       Fruit             |       |       |       |     4 |     3 ||     7
       Beef jerky        |       |       |       |       |     4 ||     4
Armor: Animal skin       |    10 |     2 |       |       |       ||    12
       Ring mail         |       |    29 |   112 |       |       ||   141
       Chain mail        |       |       |    27 |   507 |   625 ||  1159
Dodge: Dodged            |    39 |    75 |   264 |   652 |   855 ||  1885
Block: Buckler           |       |       |       |       |   103 ||   103
